 Dungeon Crawl Stone Soup version 0.27.1-3-gb3d3a73c9e (webtiles) character file.

Game seed: 13560903118659115894

81 raph the Chopper (level 4, -5/39 HPs)
             Began as a Hill Orc Fighter on Oct 6, 2021.
             Slain by Crazy Yiuf (17 damage)
             ... on level 2 of the Dungeon.
             The game lasted 00:03:05 (2155 turns).

raph the Chopper (Hill Orc Fighter)                 Turns: 2155, Time: 00:03:05

Health: -5/39      AC:  6    Str: 18    XL:     4   Next: 42%
Magic:  4/4        EV:  7    Int:  8    God:
Gold:   38         SH:  9    Dex: 11    Spells: 3/3 levels left

rFire    . . .     SeeInvis .   a - +0 war axe
rCold    . . .     Faith    .   c - +0 kite shield
rNeg     . . .     Spirit   .   b - +0 scale mail
rPois    .         Reflect  .   (no helmet)
rElec    .         Harm     .   (no cloak)
rCorr    .         Rampage  .   (no gloves)
Will     .....                  (no boots)
Stlth    ..........             (no amulet)
HPRegen  0.13/turn              (no ring)
MPRegen  0.09/turn              (no ring)

@: lethally poisoned (-5 -> -11)
A: no striking features
a: no special abilities


You were on level 2 of the Dungeon.
You visited 1 branch of the dungeon, and saw 2 of its levels.

You collected 38 gold pieces.

Inventory:

Hand Weapons
 a - a +0 war axe (weapon)
Missiles
 f - 6 boomerangs (quivered)
Armour
 b - a +0 scale mail (worn)
 c - a +0 kite shield (worn)
Scrolls
 e - a scroll of silence {unknown}
Potions
 d - 2 potions of might
 g - 2 potions of curing {unknown}
 h - a potion of heal wounds {unknown}


   Skills:
 - Level 3.6 Fighting
 * Level 6.0 Axes
 - Level 3.3 Armour
 - Level 3.3 Shields


You had 3 spell levels left.
You didn't know any spells.
Your spell library contained the following spells:

 Spells                   Type           Power      Damage    Failure   Level
 Animate Skeleton         Necr           0%         N/A       99%         1
 Apportation              Tloc           0%         N/A       99%         1
 Corona                   Hex            0%         N/A       99%         1
 Freeze                   Ice            0%         1d3       99%         1
 Summon Small Mammal      Summ           0%         N/A       99%         1
 Frozen Ramparts          Ice            0%         1d2       100%        3
 Hailstorm                Conj/Ice       0%         3d3       100%        4


Dungeon Overview and Level Annotations

Branches:
Dungeon (2/15)

Altars:

Annotations:
D:2 Crazy Yiuf


Message History

Found 23 sling bullets.
You see here 23 sling bullets.
There is an open door here.
Things that are here:
a +0 mace; 5 stones
Found a mace.
You see here a +0 whip.
Found a mace.
Found a runed translucent door.
Crazy Yiuf shouts!
Crazy Yiuf grits, "Defame!"
Crazy Yiuf laughs, "Hack!"
You open the door. You hit Crazy Yiuf.
Crazy Yiuf is moderately wounded.
You block Crazy Yiuf's attack.
You hit Crazy Yiuf.
Crazy Yiuf is moderately wounded.
Crazy Yiuf hits you with a +2 quarterstaff of chaos.
You are confused.
You bump into the rock wall.
Crazy Yiuf hits you with a +2 quarterstaff of chaos.
Crazy Yiuf burns you.
You hit Crazy Yiuf.
Crazy Yiuf is heavily wounded.
Crazy Yiuf closely misses you. Crazy Yiuf barely misses you.
You closely miss Crazy Yiuf.
Crazy Yiuf is heavily wounded.
Crazy Yiuf hits you with a +2 quarterstaff of chaos!
You are poisoned.
You bump into the rock wall.
You feel very sick.
Crazy Yiuf cries, "Whiteboard!"
Crazy Yiuf hits you with a +2 quarterstaff of chaos!
You closely miss Crazy Yiuf.
Crazy Yiuf is heavily wounded.
You feel less confused.
You feel very sick. You block Crazy Yiuf's attack.
Crazy Yiuf hits you but does no damage.
You are electrocuted!
You die...

.............................'...
###.#.#.....##....###.##.....#...
......#.)...##....# #.###.####...
*#.####.########### #####..# #.##
#......# #...# #.#. ##...#..#
#...###.#. ........#### **###
#....##.#. .......)#..## ###..)#
#....##.#. .........)..####@g...#
###...#.#. .......).....#..##...#
##.#.#.#. ..#.....#)P.#.###**###
#....#.#. #.#.....#######
#...(#.#. ,.......# #....#.#.
#############****#########.#.#.#.
.....<.......,.(.........#.#.#.##
......##....#*#.#........#.#...#
.#....#*,,..#*#..........#.##..#


You could see Crazy Yiuf.

Vanquished Creatures
  3 adders (D:2)
  A gnoll (D:2)
  A worm (D:2)
  2 dart slugs (D:2)
  4 bats
  4 endoplasms
  A giant cockroach (D:2)
  4 hobgoblins
  5 kobolds
  6 ball pythons
  A frilled lizard (D:2)
  3 goblins (D:1)
  4 rats (D:1)
39 creatures vanquished.

Vanquished Creatures (others)
  A fungus (D:2)
1 creature vanquished.

Grand Total: 40 creatures vanquished

Notes
Turn   | Place    | Note
-------+----------+-------------------------------------------
     0 | D:1      | raph the Hill Orc Fighter began the quest for the Orb.
     0 | D:1      | Reached XP level 1. HP: 19/19 MP: 1/1
   164 | D:1      | Reached skill level 3 in Axes
   286 | D:1      | Reached XP level 2. HP: 26/26 MP: 2/2
   378 | D:1      | Reached skill level 4 in Axes
  1120 | D:2      | Reached XP level 3. HP: 20/31 MP: 3/3
  1531 | D:2      | Reached skill level 5 in Axes
  1668 | D:2      | Reached XP level 4. HP: 19/39 MP: 4/4
  2056 | D:2      | Reached skill level 6 in Axes
  2144 | D:2      | Found a runed translucent door.
  2145 | D:2      | Noticed Crazy Yiuf
  2155 | D:2      | Slain by Crazy Yiuf

Illustrated notes

Levels and vault maps discovered:
D:1:      psy_arrival_basics, layout_basic, palyth_stone_intersect,
          chequers_serial_rivers_micro_c
D:2:      layout_basic, minmay_tetromino_i4, uniq_crazy_yiuf_cottage

Skill      XL: |  1  2  3  4 |
---------------+-------------+-----
Axes           | 3 4 5 6 |  6.0
Fighting       | |  3.6
Armour         | |  3.3
Shields        | |  3.3

Action                   |  1- 3 |  4- 6 || total
-------------------------+-------+-------++-------
Melee: War axe           |    73 |    26 ||    99
  Use: Scroll            |     3 |       ||     3
Armor: Scale mail        |    23 |    14 ||    37
Dodge: Dodged            |    24 |    10 ||    34
Block: Kite shield       |    43 |    19 ||    62
